 Dungeon Crawl Stone Soup version 0.27-a0-1144-g0b7d3b79db (webtiles) character file.

Game seed: 1566088101044027263

7 neco the Firebug (level 2, -2/17 HPs)
             Began as an Octopode Fire Elementalist on May 11, 2021.
             Was a Follower of Makhleb.
             Slain by an adder (5 damage)
             ... on level 2 of the Dungeon.
             The game lasted 00:13:55 (1031 turns).

neco the Firebug (Octopode Fire Elementalist)       Turns: 1031, Time: 00:14:00

Health: -2/17      AC:  3    Str:  7    XL:     2   Next: 4%
Magic:  3/5        EV: 13    Int: 17    God:    Makhleb [*.....]
Gold:   24         SH:  0    Dex: 12    Spells: 4/5 levels left

rFire    . . .     SeeInvis .   j - +0 hunting sling
rCold    . . .     Faith    .   (no shield)
rNeg     . . .     Spirit   .   (helmet restricted)
rPois    +         Reflect  .   (no amulet)
rElec    .         Harm     .   (no ring)
rCorr    .         Rampage  .   (no ring)
Will     +....                  (no ring)
Stlth    +++.......             (no ring)
HPRegen  0.05/turn              (no ring)
MPRegen  0.09/turn              (no ring)
                                (no ring)
                                (no ring)

@: very slightly contaminated
A: almost no armour, amphibious, 8 rings, camouflage 1, gelatinous body 1,
(nimble swimmer 1), tentacles, iridescent scales 1, strong-willed 1, poison
resistance
a: Renounce Religion


You were on level 2 of the Dungeon.
You worshipped Makhleb.
Makhleb was aware of your devotion.
You visited 1 branch of the dungeon, and saw 2 of its levels.

You collected 24 gold pieces.

Inventory:

Hand Weapons
 j - a +0 hunting sling (weapon)
Missiles
 b - 5 javelins (quivered)
 d - 47 stones (quivered ammo)
 g - 16 arrows
Scrolls
 e - a scroll of teleportation {unknown}
 h - a scroll of fog {unknown}
 i - a scroll of enchant armour {unknown}
 l - a scroll of identify {unknown}
Potions
 a - 2 potions of mutation
 c - a potion of heal wounds {unknown}
 f - a potion of brilliance {unknown}
 k - a potion of lignification {unknown}
 m - a potion of flight {unknown}


   Skills:
 + Level 2.0 Dodging
 + Level 2.6 Stealth
 + Level 2.1 Spellcasting
 + Level 1.0 Conjurations
 + Level 3.4 Fire Magic


You had 4 spell levels left.
You knew the following spells:

 Your Spells              Type           Power      Damage    Failure   Level
a - Foxfire               Conj/Fire      36%        2x1d5     8%          1

Your spell library contained the following spells:

 Spells                   Type           Power      Damage    Failure   Level
 Conjure Flame            Conj/Fire      9%         6-21      22%         3
 Inner Flame              Hex/Fire       7%         N/A       28%         3
 Sticky Flame             Conj/Fire      9%         2d3       58%         4
 Fireball                 Conj/Fire      4%         3d4       91%         5


Dungeon Overview and Level Annotations

Branches:
Dungeon (2/15)

Altars:
Makhleb


Innate Abilities, Weirdness & Mutations

You cannot wear most types of armour.
You are amphibious.
You can wear up to eight rings at the same time.
Your skin changes colour to match your surroundings (Stealth+).
Your rubbery body absorbs attacks. (AC +1, EV +1)
((You are camouflaged near water. (Stealth+)))
You have tentacles for arms and can constrict up to eight enemies at once.
You are partially covered in iridescent scales. (AC +2)
You are strong-willed. (Will+)
Your system is resistant to poisons. (rPois)


Message History

d - 31 stones (gained 2)
d - 32 stones (gained 1)
j - a +0 hunting sling (weapon)
d - 50 stones (gained 18)
You open the door.
Found 6 stones.
There is an open door here.
An adder comes into view.
You shoot a stone. The stone hits the adder.
The adder hisses angrily.
The adder is moderately wounded.
You shoot a stone. The stone closely misses the adder.
The adder bites you.
There is an open door here.
The adder misses you.
You shoot a stone. The stone closely misses the adder.
The adder bites you.
You are poisoned.
The adder poisons you!
It was a potion of mutation.
You feel extremely strange.
You feel resistant to poisons.
Iridescent scales grow over part of your body.
You feel strong-willed.
You feel sick. The adder misses you. The adder bites you but does no damage.
You feel sick.
Casting: Foxfire (safe; 8% risk of failure)
Confirm with . or Enter, or press ? or * to list all spells.
You conjure some foxfire!
You feel sick. The adder closely misses you.
You are too injured to fight recklessly!
Your foxfire dissipates!
You feel sick.
The foxfire hits the adder.
The adder is heavily wounded.
The adder bites you.
* * * LOW HITPOINT WARNING * * *
Casting: Foxfire (safe; 8% risk of failure)
Confirm with . or Enter, or press ? or * to list all spells.
You miscast Foxfire.
You are very lightly contaminated with residual magic.
Nothing appears to happen.
You feel sick.
You are no longer poisoned.
The adder bites you.
You die...

### #.#########
#.........#
#.#######.### #.#
#...# #.# #.### # #.#
####.####### # #.#
#.......ยง..##########
## #.#
#.......@S.'.....(...
.# #.#
#..........###......#
.# #.####..........#
.......
.###..........######
.(..(..
......######....#
....... ......+ +....+
.......
......######....#
###....
......##...#....# ...(
.####.##...#....#


You could see an adder.

Vanquished Creatures
  A giant cockroach (D:2)
  2 hobgoblins
  2 bats
  A frilled lizard (D:1)
  2 rats
8 creatures vanquished.

Vanquished Creatures (others)
  3 foxfires
3 creatures vanquished.

Grand Total: 11 creatures vanquished

Notes
Turn   | Place    | Note
-------+----------+-------------------------------------------
     0 | D:1      | neco the Octopode Fire Elementalist began the quest for the
                  | Orb.
     0 | D:1      | Reached XP level 1. HP: 11/11 MP: 3/3
   637 | D:1      | Found a faded altar of an unknown god.
   655 | D:1      | Became a worshipper of Makhleb the Destroyer
   655 | D:1      | Reached * piety under Makhleb
   960 | D:2      | Reached XP level 2. HP: 17/17 MP: 5/5
  1027 | D:2      | Gained mutation: Your system is resistant to poisons.
                  | (rPois) [potion of mutation]
  1027 | D:2      | Gained mutation: You are partially covered in iridescent
                  | scales. (AC +2) [potion of mutation]
  1027 | D:2      | Gained mutation: You are strong-willed. (Will+) [potion of
                  | mutation]
  1031 | D:2      | Slain by an adder

Illustrated notes

Levels and vault maps discovered:
D:1:      co_arrival_random_square_maze, layout_basic,
          shapermc_ecumenical_altar_notcrosses, corexii_item_surrounded_by_moat
D:2:      layout_basic, serial_shops, shop

Action                   || total
-------------------------++-------
Melee: Unarmed           ||     5
       Constrict         ||     3
       Tentacles         ||     1
 Fire: Hunting sling     ||    14
 Cast: Foxfire           ||     2
  Use: Potion            ||     1
Armor: Skin              ||     3
Dodge: Dodged            ||    15

Table legend: (Time is in decaauts)
 A = Elapsed time spent in this place.
 B = Non-inter-level travel time spent in this place.
 C = Inter-level travel time spent in this place.
 D = Time resting spent in this place.
 E = Time spent auto-exploring this place.
 F = Levels seen in this place.
 G = Mean time per level.
                   A        B        C        D        E       F      G
               +--------+--------+--------+--------+--------+-----+--------+
         Total |   1031 |   1031 |      0 |      0 |      0 |   2 |  515.5 |
       Dungeon |   1031 |   1031 |      0 |      0 |      0 |   2 |  515.5 |
               +--------+--------+--------+--------+--------+-----+--------+

Top non-repeatable levels by time:
     D:1: 765 daAuts
     D:2: 266 daAuts
